 Dungeon Crawl Stone Soup version 0.20.1-1-g8b1a95d (webtiles) character file.

578 KoningWillie the Covered (level 7, -12/60 HPs)
             Began as a Minotaur Fighter on Sept 27, 2017.
             Mangled by Pikel
             ... wielding a +0 whip of electrocution
              (14 damage)
             ... on level 5 of the Dungeon.
             The game lasted 00:05:42 (3497 turns).

KoningWillie the Covered (Minotaur Fighter)         Turns: 3497, Time: 00:05:43

Health: -12/60     AC: 12    Str: 28    XL:     7   Next: 13%
Magic:  6/6        EV:  6    Int:  5    God:
Gold:   171        SH: 10    Dex:  9    Spells: 6/6 levels left

rFire    . . .     SeeInvis .   a - +1 long sword
rCold    . . .     Gourm    .   c - +0 shield
rNeg     . . .     Faith    .   p - +0 chain mail
rPois    .         Spirit   .   (helmet restricted)
rElec    .         Reflect  .   (no cloak)
rCorr    .         Harm     .   (no gloves)
MR       .....                  v - +1 pair of boots "Suetre" {Str+5}
Stlth    ..........             h - amulet of regeneration
Regen    0.6/turn               (no ring)
MPRegen  0.1/turn               (no ring)

@: no status effects
A: retaliatory headbutt, horns 2
a: no special abilities


You were on level 5 of the Dungeon.
You were not hungry.

You visited 1 branch of the dungeon, and saw 6 of its levels.

You collected 171 gold pieces.

Inventory:

Hand Weapons
 a - a +1 long sword (weapon)
Armour
 b - a +0 scale mail
 c - a +0 shield (worn)
 p - a +0 chain mail (worn)
 u - a cursed +0 ring mail
 v - the +1 pair of boots "Suetre" (worn) {Str+5}
   (You found it on level 5 of the Dungeon)

   It affects your strength (+5).
Jewellery
 h - an amulet of regeneration (around neck)
 w - an uncursed amulet of magic regeneration {unknown}
Wands
 f - a wand of lightning (6/15)
 m - a wand of paralysis (17/24)
 o - a wand of confusion (10/48)
Scrolls
 g - 2 scrolls of remove curse
 q - a scroll of teleportation {unknown}
 r - a scroll of magic mapping
Potions
 d - 2 potions of might
 e - a potion of lignification
 i - 2 potions of curing
 j - a potion of flight
 l - a potion of mutation
Comestibles
 k - 13 fruits
 n - 3 royal jellies
 s - 2 meat rations
 t - 3 bread rations


   Skills:
 + Level 4.8 Fighting
 + Level 6.4 Long Blades
 + Level 7.0 Armour
 - Level 3.7 Shields


You had 6 spell levels left.
You didn't know any spells.

Dungeon Overview and Level Annotations

Branches:
Dungeon (6/15)
 Temple: D:4-7

Altars:
Xom
The Shining One

Annotations:
D:4 Timinator's ghost, amateur SpEn
D:5 Pikel


Innate Abilities, Weirdness & Mutations

You reflexively headbutt those who attack you in melee.
You have a pair of horns on your head.


Message History

Your chain mail prevents you from hitting Pikel.
You headbutt Pikel.
Pikel is heavily wounded.
You block Pikel's attack.
Pikel hits you with a whip of electrocution.
* * * LOW HITPOINT WARNING * * *
You hit Pikel.
Pikel is heavily wounded.
Pikel closely misses you.
You riposte.
You closely miss Pikel. Your headbutt misses Pikel.
Pikel is heavily wounded.
You barely miss Pikel.
Pikel is heavily wounded.
Pikel hits you but does no damage.
Your shield and chain mail prevent you from hitting Pikel.
Pikel is heavily wounded.
Pikel hits you with a whip of electrocution.
* * * LOW HITPOINT WARNING * * *
You are electrocuted!
You die...

#### ..... .....g#########
###### ....ppggpK@...# #.....
.....g#####.### #..... .....
##...## #..... .... ##.....##
#..... ..# ###[......### #.....
# #....._.....# #.....
#####.#.......#.#######...
######.....##.....##......##...
##._..##...####...########.#####


You could see Pikel, 3 slaves and 4 gnolls.

Vanquished Creatures
  Menkaure (D:5)
  A centaur (D:5)
  Blork the orc (D:5)
  A crimson imp (D:5)
  A jelly (D:4)
  A hound (D:4)
  3 worker ants (D:4)
  An iguana (D:5)
  4 adders
  An ooze (D:3)
  An adder zombie (D:5)
  A worm (D:4)
  2 dart slugs (D:1)
  5 leopard geckos
  An orc (D:4)
  3 giant cockroaches
  6 goblins
  6 hobgoblins
  A jackal (D:2)
  4 kobolds
  2 quokkas (D:2)
  A ball python (D:5)
  6 bats
  5 frilled lizards
  A quokka zombie (D:5)
  14 rats
74 creatures vanquished.

Notes
Turn   | Place    | Note
-------+----------+-------------------------------------------
     0 | D:1      | KoningWillie the Minotaur Fighter began the quest for the Orb.
     0 | D:1      | Reached XP level 1. HP: 19/19 MP: 0/0
    28 | D:1      | Reached skill level 4 in Armour
   274 | D:1      | Reached XP level 2. HP: 21/26 MP: 1/1
   706 | D:1      | Reached XP level 3. HP: 33/33 MP: 2/2
  1897 | D:2      | Reached skill level 5 in Armour
  1897 | D:2      | Reached XP level 4. HP: 40/40 MP: 3/3
  2525 | D:4      | Reached XP level 5. HP: 45/46 MP: 4/4
  2607 | D:4      | Reached skill level 6 in Armour
  2653 | D:5      | Entered Level 5 of the Dungeon
  2656 | D:4      | Noticed Timinator's ghost (amateur SpEn)
  2826 | D:5      | Noticed a centaur
  2833 | D:5      | Killed a centaur
  2833 | D:5      | Reached skill level 5 in Long Blades
  2833 | D:5      | Reached XP level 6. HP: 42/53 MP: 5/5
  2983 | D:5      | Noticed Blork the orc
  2992 | D:5      | Killed Blork the orc
  3105 | D:5      | Found a shimmering altar of Xom.
  3151 | D:5      | Found a glowing golden altar of the Shining One.
  3170 | D:5      | Noticed Menkaure
  3178 | D:5      | Killed Menkaure
  3178 | D:5      | Reached skill level 7 in Armour
  3178 | D:5      | Reached XP level 7. HP: 21/60 MP: 6/6
  3227 | D:5      | Got a pair of brightly glowing boots
  3235 | D:5      | Identified the +1 pair of boots "Suetre" {Str+5} (You found it on level 5 of the Dungeon)
  3476 | D:5      | Noticed Pikel
  3491 | D:5      | HP: 3/60 [Pikel/whip of electrocution (20)]
  3497 | D:5      | HP: 2/60 [Pikel/whip of electrocution (2)]
  3497 | D:5      | Mangled by Pikel

Skill      XL: |  1  2  3  4  5  6 |
---------------+-------------------+-----
Armour         | 4 5 6 7 |  7.0
Fighting       | 4 |  4.8
Long Blades    | 3 5 6 |  6.4
Shields        | |  3.7

Action                   |  1- 3 |  4- 6 |  7- 9 || total
-------------------------+-------+-------+-------++-------
Melee: Long sword        |    77 |    82 |    32 ||   191
       Headbutt          |    18 |    17 |     4 ||    39
  Use: Scroll            |     3 |     5 |       ||     8
       Potion            |       |     2 |       ||     2
  Eat: Bread ration      |     1 |       |       ||     1
       Meat ration       |       |     1 |       ||     1
       Chunk             |       |     1 |       ||     1
Armor: Scale mail        |    41 |       |       ||    41
       Chain mail        |     1 |    46 |    14 ||    61
Dodge: Dodged            |    34 |    12 |     6 ||    52
Block: Shield            |    42 |    39 |    15 ||    96
       Rpst.: Long sword |    11 |     5 |     2 ||    18
